 Dungeon Crawl Stone Soup version 0.26.1-2-gb8aa6d0 (webtiles) character file.

Game seed: 7211675040989984625

158 MatthieuS the Grave Robber (level 5, -3/82 HPs)
             Began as a Human Necromancer on May 15, 2021.
             Was an Initiate of Okawaru.
             Killed by divine providence
             ... invoked by an orc priest
              (12 damage)
             ... on level 3 of the Dungeon.
             The game lasted 00:08:57 (3943 turns).

MatthieuS the Grave Robber (Human Necromancer)      Turns: 3943, Time: 00:08:58

Health: -3/82      AC: 22    Str:  9    XL:     5   Next: 67%
Magic:  1/10       EV:  2    Int: 16    God:    Okawaru [......]
Gold:   150        SH:  0    Dex: 13    Spells: 5/10 levels left

rFire    . . .     SeeInvis .   r - +0 dagger (speed)
rCold    . . .     Faith    .   (no shield)
rNeg     + + +     Spirit   .   (armour currently unavailable)
rPois    +         Reflect  .   (helmet currently unavailable)
rElec    .         Harm     .   (cloak currently unavailable)
rCorr    .         Rampage  .   (gloves currently unavailable)
Will     .....     NoTele   +   (boots currently unavailable)
Stlth    ..........             (no amulet)
HPRegen  0.23/turn              (no ring)
MPRegen  0.12/turn              (no ring)

@: berserking, tree-form, hasted, very quick
A: no striking features
a: Renounce Religion


You were on level 3 of the Dungeon.
You worshipped Okawaru.
Okawaru was noncommittal.
You were a tree.
You visited 1 branch of the dungeon, and saw 3 of its levels.

You collected 150 gold pieces.

Inventory:

Hand Weapons
 e - a +0 dagger
 q - a +2 vampiric falchion
 r - a +0 dagger of speed (weapon)
 t - a +0 trident
Armour
 a - a +0 robe
 d - a +0 leather armour (melded)
 s - a +0 helmet (melded)
Scrolls
 b - a scroll of blinking
 c - a scroll of remove curse
 f - 2 scrolls of enchant armour {unknown}
 g - a scroll of amnesia {unknown}
 h - 2 scrolls of fear {unknown}
 k - a scroll of identify
 n - a scroll of magic mapping {unknown}
 o - 2 scrolls of teleportation {unknown}
 u - a scroll of enchant weapon {unknown}
Potions
 j - a potion of haste
 l - a potion of berserk rage
 m - a potion of flight {unknown}
 p - a potion of attraction {unknown}
 v - a potion of brilliance {unknown}
 w - a potion of heal wounds {unknown}


   Skills:
 + Level 1.4 Fighting
 + Level 1.5 Polearms
 - Level 2.0 Dodging
 - Level 2.0 Stealth
 + Level 3.3 Spellcasting
 + Level 5.0 Necromancy


You had 5 spell levels left.
You knew the following spells:

 Your Spells              Type           Power        Failure   Level
a - Pain                  Necr           72%          2%          1
b - Vampiric Draining     Necr           9%           7%          3
z - Animate Skeleton      Necr           36%          2%          1

Your spell library contained the following spells:

 Spells                   Type           Power        Failure   Level
 Animate Dead             Necr           9%           22%         4
 Agony                    Necr           18%          52%         5


Dungeon Overview and Level Annotations

Branches:
Dungeon (3/15)

Altars:
Okawaru


Message History

Aim: an orc priest, wielding a +0 mace (chance to affect: 78%)
The orc priest barely resists.
The orc priest hits you with a +0 mace.
It was a potion of haste.
You feel yourself speed up.
The orc priest mumbles some strange prayers to Beogh against you.
Pain shoots through your body!
* * * LOW HITPOINT WARNING * * *
Unknown command.
It was a potion of lignification.
You turn into a tree.
Your +0 helmet melds into your body.
Your +0 leather armour melds into your body.
Your roots penetrate the ground.
The orc priest hits you but does no damage.
It was a potion of berserk rage.
A red film seems to cover your vision as you go berserk!
You feel yourself moving faster!
You feel mighty!
You hit the orc priest.
The orc priest is moderately wounded.
The orc priest mumbles some strange prayers to Beogh against you.
Beogh smites you!
You die...

...<.#
#.#
######
#.#
#.#
#.#
#.#
#.#
#.#
#.#
#♣#
#o#


o.ooo.oo# ######### You could see 2 orc priests and an orc.

Vanquished Creatures
  3 orc wizards
  An adder (D:3)
  11 orcs
  A ball python (D:2)
  4 giant cockroaches
  5 goblins
  7 hobgoblins
  A quokka (D:2)
  5 bats
  2 frilled lizards (D:2)
  11 kobolds
  4 rats
55 creatures vanquished.

Vanquished Creatures (collateral kills)
  An orc (D:2)
  A goblin (D:2)
  A kobold (D:2)
  A rat (D:2)
4 creatures vanquished.

Grand Total: 59 creatures vanquished

Notes
Turn   | Place    | Note
-------+----------+-------------------------------------------
     0 | D:1      | MatthieuS the Human Necromancer began the quest for the
                  | Orb.
     0 | D:1      | Reached XP level 1. HP: 13/13 MP: 3/3
   425 | D:1      | Learned a level 1 spell: Animate Skeleton
   448 | D:1      | Reached XP level 2. HP: 17/19 MP: 1/5
  1867 | D:2      | Reached XP level 3. HP: 24/24 MP: 6/6
  2225 | D:2      | Found an iron altar of Okawaru.
  2233 | D:2      | Became a worshipper of Warmaster Okawaru
  2682 | D:3      | Learned a level 3 spell: Vampiric Draining
  2710 | D:3      | Reached XP level 4. HP: 21/30 MP: 6/8
  3302 | D:3      | Reached skill level 1 in Fighting
  3302 | D:3      | Reached skill level 1 in Polearms
  3302 | D:3      | Reached XP level 5. HP: 22/37 MP: 1/9
  3653 | D:3      | Reached skill level 5 in Necromancy
  3943 | D:3      | Killed from afar by an orc priest

Illustrated notes

Levels and vault maps discovered:
D:1:      minmay_arrival_plants_in_alcoves, layout_loops_ring, minmay_cut_off
D:2:      layout_basic, chequers_serial_rivers_micro_b,
          okawaru_altar_gauntlet_db
D:3:      layout_loops_ring, hangedman_abyss_or_decor_lesser_grid

Skill      XL: |  1  2  3  4  5 |
---------------+----------------+-----
Spellcasting   | 3 |  3.3
Fighting       | 1 |  1.4
Polearms       | 1 |  1.5
Necromancy     | 5 |  5.0
Dodging        | |  2.0
Stealth        | |  2.0

Action                   |  1- 3 |  4- 6 || total
-------------------------+-------+-------++-------
Melee: Dagger            |    61 |    11 ||    72
 Cast: Pain              |    50 |    49 ||    99
       Animate Skeleton  |    12 |       ||    12
  Use: Scroll            |     3 |       ||     3
       Potion            |       |     3 ||     3
 Stab: Sleeping          |     4 |       ||     4
Armor: Robe              |    12 |       ||    12
       Leather armour    |     5 |     5 ||    10
       Skin              |       |     1 ||     1
Dodge: Dodged            |    55 |    20 ||    75
